Map: Mech Depot LE

Players

Elazer - Winner!

  • Race: Zerg Zerg
  • Spawn Location: 7:00

Dark

  • Race: Zerg Zerg
  • Spawn Location: 1:00

Event: 2017 WCS Global Finals

VOD

Have the link to the VOD?

Description

Time

  • Played on: Oct. 29, 2017, 4:23 p.m.
  • Length: 6:05

All games in this series

Show
View Real Time Build Order
Export as new Build Order

Elazer Zerg - Winner!

Build Orders: Hatch First 

Get SALT Encoding   

  12  0:00  Drone  
  13  0:12  Overlord  
  13  0:16  Drone  
  14  0:30  Drone x2  
  14  0:34  Drone  
  17  0:50  Hatchery  
  17  0:54  Drone  
  17  0:57  Drone  
  18  1:08  Extractor  
  17  1:12  Spawning Pool  
  17  1:15  Drone  
  17  1:18  Drone  
  18  1:28  Drone  
  19  1:39  Overlord  
  19  1:49  Drone  
  20  1:58  Queen  
  20  2:00  Zergling x2  
  23  2:02  Queen, Zergling x2  
  23  2:07  Metabolic Boost  
  26  2:11  Drone  
  26  2:14  Drone  
  28  2:21  Drone  
  29  2:24  Drone  
  30  2:39  Drone, Hatchery  
  30  2:41  Drone  
  31  2:48  Overlord  
  31  2:54  Lair  
  31  2:57  Drone  
  32  2:59  Drone  
  32  3:02  Drone  
  34  3:07  Drone x2  
  34  3:09  Drone  
  34  3:12  Drone  
  38  3:14  Drone  
  38  3:18  Overlord  
  39  3:21  Drone  
  39  3:24  Extractor, Drone  
  39  3:26  Drone  
  41  3:31  Overlord  
  41  3:33  Drone  
  42  3:37  Drone  
  42  3:40  Drone x2  
  42  3:41  Drone  
  46  3:43  Drone  
  46  3:44  Drone  
  46  3:45  Extractor  
  47  3:49  Zergling x4  
  49  3:59  Spire  
  49  4:00  Zergling x6  
  51  4:04  Overlord  
  51  4:05  Zergling x2  
  52  4:10  Zergling x4  
  52  4:11  Zergling x2  
  52  4:16  Extractor, Zergling x6  
  56  4:18  Zergling x2  
  56  4:20  Zergling x2  
  56  4:21  Zergling x2  
  59  4:24  Drone  
  59  4:25  Drone  
  59  4:26  Drone  
  62  4:33  Baneling Nest  
  62  4:34  Drone  
  62  4:37  Overlord  
  62  4:38  Drone  
  63  4:44  Zergling x4  
  63  4:45  Zergling x4  
  66  4:48  Zergling x2  
  66  4:49  Zergling x2  
  66  4:52  Zergling x4  
  70  4:58  Zergling x2  
  70  4:59  Zergling x2  
  66  5:02  Zergling x4  
  66  5:10  Mutalisk x2  
  66  5:11  Mutalisk  
  70  5:18  Mutalisk  
  70  5:24  Mutalisk x2  
  73  5:33  Mutalisk x2  
  73  5:35  Zergling x4  
  76  5:39  Zergling x4  
Show
View Real Time Build Order
Export as new Build Order

Dark Zerg 

Build Orders: Hatch First 

Get SALT Encoding   

  12  0:00  Drone  
  13  0:12  Overlord  
  13  0:17  Drone  
  14  0:30  Drone  
  14  0:31  Drone  
  14  0:34  Drone  
  17  0:45  Drone  
  18  0:55  Hatchery  
  17  0:58  Drone  
  17  1:00  Extractor  
  17  1:13  Spawning Pool  
  17  1:16  Drone  
  17  1:20  Drone  
  18  1:28  Drone  
  19  1:39  Overlord  
  19  1:53  Drone  
  20  2:00  Queen  
  22  2:02  Metabolic Boost  
  22  2:03  Zergling x2  
  22  2:07  Queen  
  22  2:08  Drone  
  26  2:12  Drone  
  27  2:18  Drone  
  28  2:22  Baneling Nest  
  28  2:25  Drone  
  28  2:29  Drone  
  29  2:35  Drone  
  30  2:41  Zergling x2  
  31  2:50  Hatchery  
  30  2:52  Drone  
  30  2:55  Overlord  
  31  3:05  Drone x3  
  35  3:10  Drone  
  36  3:14  Drone x3  
  36  3:19  Queen  
  41  3:23  Drone  
  41  3:24  Evolution Chamber, Drone  
  42  3:27  Drone  
  42  3:43  Roach Warren, Zergling x4  
  42  3:44  Overlord  
  43  3:50  Lair  
  43  4:00  Drone  
  43  4:02  Drone x6  
  49  4:04  Zergling x4  
  49  4:07  Zergling x2  
  52  4:12  Zergling x2  
  52  4:17  Zergling x2  
  52  4:18  Zergling x6  
  52  4:22  Drone x2  
  52  4:23  Extractor  
  57  4:25  Overlord  
  57  4:29  Extractor  
  56  4:33  Roach  
  58  4:38  Overlord  
  57  4:46  Roach x4  
  57  4:47  Overlord  
  57  4:52  Overlord  
  65  4:57  Roach  
  61  5:04  Roach  
  61  5:05  Overlord  
  60  5:07  Drone x2  
  60  5:10  Zergling x2  
  60  5:11  Roach, Zergling x6  
  64  5:17  Roach  
  63  5:22  Roach, Queen  
  63  5:24  Roach x2  
  63  5:26  Zergling x2  
  63  5:27  Zergling x2  
  71  5:35  Roach x2  
  71  5:38  Zergling x6  
  71  5:40  Roach  
  66  5:43  Roach  
  66  5:46  Zergling x2  
  69  5:52  Spore Crawler  
  69  5:53  Spore Crawler  
Tags
 
Add a new tag
Caveats
  • Supply blocks, unpowered buildings, or Contaminate may cause inaccurate times.
  • Supply counts are checked every 10 seconds.